 Dungeon Crawl Stone Soup version 0.29-a0-297-g7659ce593d (console) character file.

Game seed: 16836022971647480283

51 Ignak the Skirmisher (level 3, -4/37 HPs)
             Began as an Ogre Warper on Mar 22, 2022.
             Killed from afar by a dart slug (5 damage)
             ... with a slug dart
             ... on level 3 of the Dungeon.
             The game lasted 00:04:20 (2200 turns).

Ignak the Skirmisher (Ogre Warper)                  Turns: 2200, Time: 00:04:21

Health: -4/37      AC:  3    Str: 14 (17) XL:     3   Next: 83%
Magic:  1/7        EV:  9    Int: 13 (14) God:
Gold:   13         SH:  0    Dex:  5 (8)  Spells: 1/7 levels left

rFire   . . .      SeeInvis .   j - +0 war axe
rCold   . . .      Faith    .   (no shield)
rNeg    . . .      Spirit   .   b - +0 robe
rPois   .          Reflect  .   (helmet restricted)
rElec   .          Harm     .   (no cloak)
rCorr   .          Rampage  .   (gloves unavailable)
Will    .....                   (boots unavailable)
Stlth   +.........              (no amulet)
HPRegen 0.12/turn               (no ring)
MPRegen 0.10/turn               (no ring)

@: lethally poisoned (-4 -> -7), on blink cooldown
A: large, unfitting armour, tough skin 1
a: no special abilities


You were on level 3 of the Dungeon.
You visited 1 branch of the dungeon, and saw 3 of its levels.

You collected 83 gold pieces.
You spent 70 gold pieces at shops.

Inventory:

Hand Weapons
 a - a +0 mace
 j - a +0 war axe (weapon)
Missiles
 d - 6 boomerangs of dispersal (quivered)
Armour
 b - a +0 robe (worn)
Scrolls
 c - a scroll of blinking
 e - a scroll of enchant armour {unknown}
 f - a scroll of immolation {unknown}
 g - 3 scrolls of identify {unknown}
 h - a scroll of fog {unknown}
 i - a scroll of magic mapping
 k - a scroll of amnesia {unknown}
 l - a scroll of vulnerability {unknown}


   Skills:
 + Level 3.2 Fighting
 * Level 2.4 Maces & Flails
 - Level 1.2 Throwing
 + Level 2.4 Dodging
 + Level 0.4 Unarmed Combat
 + Level 2.8 Spellcasting
 + Level 2.9 Translocations


You had one spell level left.
You knew the following spells:

 Your Spells              Type           Power      Damage    Failure   Level
a - Teleport Other        Tloc           9%         N/A       22%         3
b - Blink                 Tloc           18%        N/A       11%         2
c - Slow                  Hex            4%         N/A       24%         1

Your spell library contained the following spells:

 Spells                   Type           Power      Damage    Failure   Level
 Gell's Gravitas          Tloc           9%         N/A       22%         3
 Lesser Beckoning         Tloc           9%         N/A       22%         3
 Manifold Assault         Tloc           9%         N/A       89%         5
 Leda's Liquefaction      Hex/Erth       0%         N/A       93%         4
 Irradiate                Conj/Tmut      0%         3d13      100%        5
 Eringya's Noxious Bog    Tmut/Pois      0%         N/A       100%        6


Dungeon Overview and Level Annotations

Branches:
Dungeon (3/15)

Altars:

Shops:
D:2 =?


Innate Abilities, Weirdness & Mutations

You are too large for most types of armour.
You have tough skin. (AC +1)


Message History

Confirm with . or Enter, or press ? or * to list all spells.
Aiming: Slow (safe; 24% risk of failure)
Press: ? - help, Shift-Dir - straight line, f/p - adder
Aim: an adder (lightly wounded, chance to affect: 42%)
The adder resists with some effort.
Casting: Slow (safe; 24% risk of failure)
Confirm with . or Enter, or press ? or * to list all spells.
Aiming: Slow (safe; 24% risk of failure)
Press: ? - help, Shift-Dir - straight line, f/p - adder
Aim: an adder (lightly wounded, chance to affect: 42%)
The adder resists with some effort.
You closely miss the adder.
The adder is lightly wounded.
The adder bites you.
* * * LOW HITPOINT WARNING * * *
You are poisoned.
The adder poisons you! The adder closely misses you.
Okay, then.
Blink to where?
Press: ? - help, Dir - move target, p - adder A dart slug comes into view.
As you read the scroll of blinking, it crumbles to dust.
* * * LOW HITPOINT WARNING * * *
You feel sick.
The ball python hisses angrily.
You feel sick. The dart slug launches a dart at you. The slug dart hits you.
* * * LOW HITPOINT WARNING * * *
You aren't carrying any potions.
* * * LOW HITPOINT WARNING * * *
You feel sick.
Casting: Slow (safe; 24% risk of failure)
Confirm with . or Enter, or press ? or * to list all spells.
You blink.
* * * LOW HITPOINT WARNING * * *
You feel sick. The dart slug launches a dart at you. The slug dart hits you.
You die...

...............###.##..##
#####.##.##.###.....#.###
#.##....S.......##..##
#.##.##.###ยง.#######.#
.. .# #..# ##..## ###..##
#.### ..w.##.##..######
####...##..<........
#...@..##.##########
..........#. #.##...#.##
#... .# #... .# #... ##
####


You could see a dart slug.

Vanquished Creatures
  An adder (D:3)
  A worm (D:2)
  A dart slug (D:1)
  3 ball pythons
  2 bats
  5 endoplasms
  2 giant cockroaches (D:1)
  A goblin (D:2)
  4 hobgoblins
  2 quokkas
  3 frilled lizards
  8 kobolds
  2 rats
35 creatures vanquished.

Notes
Turn   | Place    | Note
-------+----------+-------------------------------------------
     0 | D:1      | Ignak the Ogre Warper began the quest for the Orb.
     0 | D:1      | Reached XP level 1. HP: 22/22 MP: 3/3
   432 | D:1      | Reached XP level 2. HP: 29/29 MP: 5/5
   633 | D:1      | Reached skill level 3 in Fighting
  1098 | D:1      | Reached XP level 3. HP: 37/37 MP: 6/6
  1302 | D:2      | Found Nihoywuo's Magic Scroll Emporium.
  1305 | D:2      | Bought a scroll of magic mapping for 35 gold pieces
  1305 | D:2      | Bought a scroll of fear for 35 gold pieces
  1449 | D:2      | Found Rojodiud's Jewellery Emporium.
  1754 | D:3      | Got the Incunabulum of Bewitching Moulding
  1758 | D:3      | Learned a level 2 spell: Blink
  1762 | D:3      | Learned a level 3 spell: Teleport Other
  1764 | D:3      | Learned a level 1 spell: Slow
  2199 | D:3      | HP: 1/37 [poisoned by an adder]
  2200 | D:3      | Killed from afar by a dart slug

Illustrated notes

Levels and vault maps discovered:
D:1:      dpeg_arrival_rooms_c, layout_basic
D:2:      layout_rooms, serial_shops, nicolae_shop_window_shopping, shop
D:3:      layout_basic, nicolae_ecumenical_snake_handling,
          grunt_decor_resistance

Skill      XL: |  1  2 |
---------------+-------+-----
Maces & Flails | 2 |  2.4
Fighting       | 3 |  3.2
Throwing       | |  1.2
Dodging        | |  2.4
Unarmed Combat | |  0.4
Spellcasting   | |  2.8
Translocations | |  2.9

Action                   || total
-------------------------++-------
Melee: Mace              ||    95
       Punch             ||     2
       War axe           ||     1
Throw: Boomerang         ||     1
 Cast: Slow              ||     6
       Blink             ||     1
  Use: Scroll            ||     2
       Potion            ||     1
 Stab: Sleeping          ||     1
Armor: Robe              ||    33
Dodge: Dodged            ||    69

Table legend: (Time is in decaauts)
 A = Elapsed time spent in this place.
 B = Non-inter-level travel time spent in this place.
 C = Inter-level travel time spent in this place.
 D = Time resting spent in this place.
 E = Time spent auto-exploring this place.
 F = Levels seen in this place.
 G = Mean time per level.
                   A        B        C        D        E       F      G
               +--------+--------+--------+--------+--------+-----+--------+
         Total |   2228 |   2180 |     48 |    541 |   1177 |   3 |  742.7 |
       Dungeon |   2228 |   2180 |     48 |    541 |   1177 |   3 |  742.7 |
               +--------+--------+--------+--------+--------+-----+--------+

Top non-repeatable levels by time:
     D:1: 1261 daAuts
     D:2: 512 daAuts
     D:3: 453 daAuts
